 Dungeon Crawl Stone Soup version 0.20-a0-539-g174d061 (webtiles) character file.

1795 M4edhros the Cleaver (level 8, 0/78 HPs)
             Began as a Minotaur Berserker on Jan 29, 2017.
             Was a Believer of Trog.
             Killed from afar by Pr0man's ghost (22 damage)
             ... with a shard of ice
             ... on level 10 of the Dungeon.
             The game lasted 00:07:14 (1448 turns).

M4edhros the Cleaver (Minotaur Berserker)           Turns: 1448, Time: 00:07:14

Health: 0/78       AC: 14    Str: 26    XL:     8   Next: 83%
Magic:  7/7        EV: 10    Int:  4    God:    Trog [**....]
Gold:   201        SH:  0    Dex: 12    Spells: 7/7 levels left

rFire    . . .     SeeInvis .   l - +0 war axe
rCold    + . .     Gourm    .   e - +0 plate armour
rNeg     . . .     Faith    .   (no shield)
rPois    +         Spirit   .   b - +2 hat
rElec    .         Reflect  .   (no cloak)
rCorr    .         Harm     .   (no gloves)
MR       .....                  (no boots)
Stlth    ..........             (no amulet)
Regen    0.3/turn               s - +4 ring of strength
                                v - ring of poison resistance

@: exhausted, slowed, very slow
A: retaliatory headbutt, horns 2, blurry vision 1, cold resistance 1, robust 1
a: Berserk, Trog's Hand, Burn Spellbooks, Renounce Religion


You were on level 10 of the Dungeon.
You worshipped Trog.
Trog was pleased with you.
You were hungry.

You visited 1 branch of the dungeon, and saw 10 of its levels.

You collected 201 gold pieces.

Inventory:

Hand Weapons
 a - a +0 hand axe
 l - a +0 war axe (weapon)
 p - a +0 fustibalus
Missiles
 j - 5 exploding tomahawks (quivered)
 t - 7 javelins
 u - 13 sling bullets
Armour
 b - a +2 hat (worn)
 e - a +0 plate armour (worn)
Jewellery
 s - a +4 ring of strength (right hand)
 v - a ring of poison resistance (left hand)
Wands
 g - a wand of random effects (26/48)
 n - a wand of polymorph (9/24)
 q - a wand of scattershot (2/9)
Scrolls
 h - 2 scrolls of blinking
 k - a scroll of enchant armour
 o - a scroll of random uselessness
Potions
 i - a potion of cure mutation
 m - 3 potions of heal wounds
Comestibles
 c - 2 bread rations
 f - 3 chunks of flesh


   Skills:
 + Level 6.9 Fighting
 * Level 9.5 Axes
 + Level 6.5 Armour
 + Level 6.0 Dodging


You had 7 spell levels left.
You didn't know any spells.

Dungeon Overview and Level Annotations

Branches:
Dungeon (10/15)
 Temple: D:4-7         Lair: D:8-11         Orc: D:9-12

Altars:
Nemelex Xobeh
Xom

Annotations:
D:10 Pr0man's ghost, journeyman GrIE


Innate Abilities, Weirdness & Mutations

You reflexively headbutt those who attack you in melee.
You have a pair of horns on your head.
Scrolls take you a little longer to read.
Your flesh is cold resistant. (rC+)
You are robust. (+10% HP)


Message History

The magic dart hits you!
* * * LOW HITPOINT WARNING * * *
You feel much better. Pr0man's ghost hits you!
* * * LOW HITPOINT WARNING * * *
You hit Pr0man's ghost but do no damage.
Pr0man's ghost is almost destroyed.
Pr0man's ghost completely misses you. Pr0man's ghost misses you.
You hit Pr0man's ghost but do no damage.
Pr0man's ghost is severely damaged.
Pr0man's ghost points at you and mumbles some strange words.
The shard of ice misses you.
Your plate armour prevents you from hitting Pr0man's ghost.
You headbutt Pr0man's ghost, but do no damage.
Pr0man's ghost is severely damaged.
Pr0man's ghost hits you but does no damage. x2
You miss Pr0man's ghost.
Pr0man's ghost is severely damaged.
Pr0man's ghost casts a spell at you. The shard of ice hits you!
You partially resist.
You die...

#.......#
#.......#
#.......#
###+######'#######
#.................
#.................
#.................
#......?..........
#.....@W..........
#.....###'###+###.
#..... .... #.....
..... #.....
....... #.....
####.. #..... ..
#.....


You could see Pr0man's ghost.

Vanquished Creatures
  Menkaure (D:7)
  A hungry ghost (D:9)
  Duvessa (D:6)
  2 orc warriors
  2 ice beasts (D:7)
  An eye of draining (D:9)
  A phantom (D:9)
  2 ogres
  2 centaurs (D:9)
  Dowan (D:6)
  A scorpion (D:5)
  A howler monkey (D:9)
  2 crimson imps
  A hound (D:7)
  2 jellies
  An orc priest (D:9)
  An orc wizard (D:9)
  2 worker ants
  2 killer bee zombies (D:7)
  A hound zombie (D:5)
  3 gnolls (D:6)
  5 adders
  An adder skeleton (D:6)
  5 leopard geckos
  8 orcs
  A hobgoblin (D:1)
  2 jackals (D:5)
  3 quokkas
  2 bats (D:1)
  4 goblins
  2 leopard gecko zombies
64 creatures vanquished.

Notes
Turn   | Place    | Note
-------+----------+-------------------------------------------
     0 | D:1      | M4edhros the Minotaur Berserker began the quest for the Orb.
     0 | D:1      | Reached XP level 1. HP: 19/19 MP: 0/0
   118 | D:2      | Reached XP level 2. HP: 20/27 MP: 1/1
   204 | D:5      | Entered Level 5 of the Dungeon
   229 | D:5      | Reached skill level 4 in Axes
   229 | D:5      | Reached XP level 3. HP: 14/33 MP: 2/2
   236 | D:5      | Found a sparkling altar of Nemelex Xobeh.
   309 | D:5      | Noticed an orc warrior
   311 | D:5      | Gained mutation: Scrolls take you a little longer to read. [potion of mutation]
   311 | D:5      | Gained mutation: You are robust. (+10% HP) [potion of mutation]
   311 | D:5      | Gained mutation: Your flesh is cold resistant. (rC+) [potion of mutation]
   323 | D:5      | Killed an orc warrior
   323 | D:5      | Reached skill level 5 in Axes
   323 | D:5      | Reached XP level 4. HP: 36/44 MP: 3/3
   323 | D:5      | Reached XP level 5. HP: 41/50 MP: 4/4
   367 | D:5      | Reached ** piety under Trog
   400 | D:5      | Found a shimmering altar of Xom.
   516 | D:5      | Reached XP level 6. HP: 22/58 MP: 5/5
   620 | D:5      | Reached skill level 6 in Axes
   669 | D:6      | Noticed Duvessa
   679 | D:6      | Noticed Dowan
   685 | D:6      | Killed Duvessa
   685 | D:6      | Reached skill level 5 in Fighting
   685 | D:6      | Reached XP level 7. HP: 43/67 MP: 6/6
   688 | D:6      | Killed Dowan
   688 | D:6      | Reached skill level 7 in Axes
   761 | D:6      | Got a faintly glowing robe
   772 | D:6      | Identified the +1 robe "Tant" {rPois rC+ Dex-5} (You found it on level 6 of the Dungeon)
   868 | D:7      | Noticed Menkaure
   872 | D:7      | Reached skill level 5 in Armour
   879 | D:7      | Killed Menkaure
   984 | D:7      | Reached skill level 5 in Dodging
  1021 | D:7      | Reached skill level 8 in Axes
  1021 | D:7      | Reached XP level 8. HP: 77/77 MP: 7/7
  1201 | D:9      | Reached skill level 9 in Axes
  1407 | D:10     | Entered Level 10 of the Dungeon
  1417 | D:10     | Noticed Pr0man's ghost (journeyman GrIE)
  1448 | D:10     | Killed from afar by Pr0man's ghost

Vault maps used:
D:1:      dpeg_arrival_lava_temple_mockup, serial_park_tiny_2
D:3:      first_bread, serial_glass, glass_columns_c, glass_columns_a,
          feat_on_display, feat_on_display, uniq_crazy_yiuf_cottage
D:4:      lemuel_coloured_pillars_altar
D:5:      black_bear_nest_2, xom_butterflies, temple_fountains,
          nemelex_xobeh_ov_fountains_minmay
D:6:      minmay_ruffians, uniq_duvessa
D:7:      overflow_temple_1_default, uniq_menkaure
D:8:      lair_entry_dummy, david_nohive_1, minmay_misc_feat_columns
D:10:     minivault_15

Skill      XL: |  1  2  3  4  5  6  7  8 |
---------------+-------------------------+-----
Armour         | 3 4 5 6 |  6.5
Axes           | 4 5 6 8 9 |  9.5
Fighting       | 4 5 6 |  6.9
Dodging        | 3 4 5 6 |  6.0

Action                   |  1- 3 |  4- 6 |  7- 9 || total
-------------------------+-------+-------+-------++-------
Melee: Hand axe          |    30 |    61 |    45 ||   136
       Headbutt          |     3 |    11 |    29 ||    43
       War axe           |       |       |    77 ||    77
Invok: Berserk           |     2 |     3 |     3 ||     8
Evoke: Wand              |       |     3 |     1 ||     4
  Use: Potion            |     3 |       |     1 ||     4
       Scroll            |     1 |     2 |     4 ||     7
  Eat: Chunk             |       |     3 |     7 ||    10
       Bread ration      |       |       |     2 ||     2
Armor: Animal skin       |     5 |       |       ||     5
       Plate armour      |       |    32 |    67 ||    99
Dodge: Dodged            |    27 |    29 |    46 ||   102
